 Dungeon Crawl Stone Soup version 0.29.1-12-g30fa7ad0bf (webtiles) character file.

Game seed: 2140355145633638611

1 nachturnus the Ruffian (level 1, -2/19 HPs)
             Began as a Ghoul Monk on Jan 14, 2023.
             Slain by a quokka (5 damage)
             ... on level 1 of the Dungeon.
             The game lasted 00:00:27 (100 turns).

nachturnus the Ruffian (Ghoul Monk)                  Turns: 100, Time: 00:00:28

Health: -2/19      AC:  2    Str: 14    XL:     1   Next: 20%
Magic:  0/0        EV: 12    Int:  5    God:
Gold:   4          SH:  0    Dex: 11    Spells: 0/0 levels left

rFire   . . .      SeeInvis .     - Unarmed
rCold   + . .      Faith    .   (no shield)
rNeg    + + +      Spirit   .   a - +0 robe
rPois   ∞          Reflect  .   (no helmet)
rElec   .          Harm     .   (no cloak)
rCorr   .          Rampage  .   (no gloves)
Will    .....                   (no boots)
Stlth   ++........              (no amulet)
HPRegen 0.00/turn               (no ring)
MPRegen 0.07/turn               (no ring)

@: inhibited regen
A: claws 1, cold resistance 1, negative energy resistance 3, inhibited
regeneration, torment resistance 2, devour on kill
a: no special abilities


You were on level 1 of the Dungeon.
You visited 1 branch of the dungeon, and saw 1 of its levels.

You collected 4 gold pieces.

Inventory:

Armour
 a - a +0 robe (worn)
Scrolls
 c - a scroll of identify {unknown}
 d - a scroll of brand weapon {unknown}
Potions
 b - a potion of ambrosia


   Skills:
 - Level 3.2 Fighting
 - Level 2.6 Dodging
 - Level 2.1 Stealth
 * Level 3.4 Unarmed Combat


You couldn't memorise any spells.
You didn't know any spells.
Your spell library was empty.

Dungeon Overview and Level Annotations

Branches:
Dungeon (1/15)

Altars:


Innate Abilities, Weirdness & Mutations

You are immune to poison.
You have sharp fingernails.
Your flesh is cold resistant. (rC+)
You are immune to negative energy. (rN+++)
You do not regenerate when monsters are visible.
You are immune to unholy pain and torment.
You thrive by killing the living.


Message History

You kill the rat!
No target in view!
c - a scroll labelled XEKLINEFER
Found a stone staircase leading down.
d - a scroll labelled LOULOS WIDITTU You open the door.
There is an open door here.
A quokka comes into view.
You see here a cyan potion.
A rat comes into view.
A rat and an endoplasm come into view.
You barely miss the quokka. The quokka barely misses you.
You scratch the quokka.
The quokka is moderately wounded.
The quokka closely misses you.
You miss the quokka. The quokka bites you.
You miss the quokka. The quokka closely misses you.
You closely miss the quokka. The quokka bites you.
The quokka barely misses you.
You closely miss the rat. The rat bites you. The quokka bites you.
You scratch the rat but do no damage.
The endoplasm quivers.
The quokka bites you.
You are too injured to fight recklessly!
You are too injured to fight recklessly!
You are too injured to fight recklessly!
You are too injured to fight recklessly!
The rat attacks as you move away! The rat closely misses you.
You see here a cyan potion.
You scratch the quokka but do no damage.
The quokka completely misses you. The rat barely misses you.
The endoplasm jiggles.
You scratch the rat.
You kill the rat!
The quokka barely misses you. The quokka bites you.
* * * LOW HITPOINT WARNING * * *
You barely miss the rat. The rat bites you.
* * * LOW HITPOINT WARNING * * *
The quokka bites you.
You die...

..#.#...###+##'###.#.#
..#.#...##.......#.#.#
..................#.#.#
...#.##..#........#.#.#
# #.....#.#.##+###.#
+.....'...........
...#.....###.##.###.# .
................#
.....####@##.#>#..
..#..###rr........#
..................#
......J............
..................
.........!!.:..... #.
......##.....#.#. #.
...... ........... #.
.....# #............ #.


You could see an endoplasm, a quokka and a rat.

Vanquished Creatures
  2 rats (D:1)
2 creatures vanquished.

Notes
Turn   | Place    | Note
-------+----------+-------------------------------------------
     0 | D:1      | nachturnus the Ghoul Monk began the quest for the Orb.
     0 | D:1      | Reached XP level 1. HP: 19/19 MP: 0/0
   100 | D:1      | Slain by a quokka

Illustrated notes

Levels and vault maps discovered:
D:1:      nicolae_arrival_washed_ashore, layout_basic

Action                   || total
-------------------------++-------
Melee: Unarmed           ||    11
Dodge: Dodged            ||     8
